 Dungeon Crawl Stone Soup version 0.26-a0-720-g2a1d101370 (webtiles) character file.

Game seed: 3838151477294131807

147991 Peloso the Fencer (level 16, -7/152 HPs)
             Began as a Minotaur Fighter on Nov 2, 2020.
             Was the Champion of Okawaru.
             Killed from afar by Roxanne (80 damage)
             ... with a crystal spear
             ... on level 1 of the Shoals.
             The game lasted 01:16:39 (36842 turns).

Peloso the Fencer (Minotaur Fighter)               Turns: 36842, Time: 01:16:40

Health: -7/152     AC: 36    Str: 37    XL:     16   Next: 93%
Magic:  16/16      EV: 13    Int:  8    God:    Okawaru [******]
Gold:   1504       SH: 17    Dex: 16    Spells: 15/15 levels left

rFire    + . .     SeeInvis .   a - +5 double sword (vorpal)
rCold    + . .     Faith    +   c - +0 kite shield
rNeg     + . .     Spirit   .   U - +9 plate armour of the Apprentice {Str+2 Int+3 Stlth+}
rPois    +         Reflect  .   P - +2 hat
rElec    .         Harm     .   A - scarf {rC+ rF+}
rCorr    .         Rampage  .   R - +1 pair of gloves {Str+3}
MR       ++...                  t - +0 pair of boots
Stlth    ..........             O - amulet of faith
HPRegen  0.35/turn              s - +6 ring of strength
MPRegen  0.15/turn              E - ring of Sloth {rPois rN+ MR+ AC+4 Dex+4}

@: very slow
A: retaliatory headbutt, horns 2
a: Heroism, Finesse, Renounce Religion


You were on level 1 of the Shoals.
You worshipped Okawaru.
Okawaru was exalted by your worship.
You visited 5 branches of the dungeon, and saw 27 of its levels.

You collected 3176 gold pieces.
You spent 1672 gold pieces at shops.

Inventory:

Hand Weapons
 a - a +5 vorpal double sword (weapon)
 b - the +8 long sword of Defence by Offence {vorpal, Str+3 Int+3}
   (Okawaru gifted it to you on level 2 of the Lair of Beasts)

   It inflicts extra damage upon your enemies.
   It affects your strength (+3).
   It affects your intelligence (+3).
 f - a +1 war axe of flaming
 F - a +0 demon blade of electrocution
Armour
 c - a +0 kite shield (worn)
 p - a +2 cloak of preservation
 q - the +2 plate armour "Cuaneqay" {Int+3 Dex+4}
   (Okawaru gifted it to you on level 15 of the Dungeon)

   It affects your intelligence (+3).
   It affects your dexterity (+4).
 t - a +0 pair of boots (worn)
 A - a scarf of resistance (worn)
 P - a +2 hat (worn)
 R - a +1 pair of gloves of strength (worn)
 S - +0 swamp dragon scales
 U - the +9 plate armour of the Apprentice (worn) {Str+2 Int+3 Stlth+}
   (You found it on level 3 of the Spider Nest)

   It affects your strength (+2).
   It affects your intelligence (+3).
   It makes you more stealthy.
 V - a +1 pair of gloves of archery
Jewellery
 s - a +6 ring of strength (left hand)
 x - an uncursed ring of positive energy {unknown}
 y - an uncursed ring of fire {unknown}
 z - a +6 ring of dexterity
 E - the ring of Sloth (right hand) {rPois rN+ MR+ AC+4 Dex+4}
   (You bought it in a shop on level 5 of the Dungeon)

   [ring of protection]

   It affects your AC (+4).
   It affects your dexterity (+4).
   It protects you from poison.
   It protects you from negative energy.
   It affects your resistance to hostile enchantments.
 M - an uncursed ring of see invisible
 O - an amulet of faith (around neck)
 T - an uncursed ring of protection from magic {unknown}
 X - an uncursed amulet of reflection
Wands
 u - a wand of digging (10)
 G - a wand of paralysis (6)
 J - a wand of random effects (13)
 L - a wand of iceblast (8)
 W - a wand of flame (23)
Scrolls
 e - 5 scrolls of teleportation
 h - a scroll of amnesia
 i - 17 scrolls of remove curse
 j - a scroll of enchant armour
 l - 3 scrolls of identify
 m - 5 scrolls of fog
 n - 2 scrolls of magic mapping
 o - 2 scrolls of noise
 r - 7 scrolls of blinking
 v - a scroll of silence
 w - 5 scrolls of immolation
 B - 6 scrolls of fear
Potions
 d - 3 potions of might
 g - 16 potions of curing
 k - a potion of flight
 C - 10 potions of stabbing
 D - a potion of berserk rage
 H - a potion of magic
 I - 8 potions of heal wounds
 K - a potion of mutation
 N - 5 potions of haste
 Q - 3 potions of resistance


   Skills:
 + Level 16.6 Fighting
 + Level 18.3 Long Blades
 + Level 4.1 Axes
 + Level 16.2 Armour
 + Level 5.9 Dodging
 + Level 2.8 Stealth
 + Level 18.2 Shields
 + Level 2.3 Invocations
 + Level 0.4 Evocations


You had 15 spell levels left.
You didn't know any spells.
Your spell library contained the following spells:

 Spells                   Type           Power        Failure   Level
 Animate Skeleton         Necr           #.....       86%         1
 Apportation              Tloc           #.....       86%         1
 Beastly Appendage        Tmut           #.....       86%         1
 Corona                   Hex            #......      86%         1
 Foxfire                  Conj/Fire      #...         86%         1
 Magic Dart               Conj           #...         86%         1
 Summon Small Mammal      Summ           #...         86%         1
 Blink                    Tloc           N/A          94%         2
 Call Imp                 Summ           #.......     94%         2
 Passwall                 Tmut/Erth      #.......     94%         2
 Slow                     Hex            #.......     94%         2
 Swiftness                Air            #.......     94%         2
 Wereblood                Tmut           #.......     94%         2
 Conjure Flame            Conj/Fire      #.......     99%         3
 Inner Flame              Hex/Fire       #.......     99%         3
 Mephitic Cloud           Conj/Pois/Air  #.......     99%         3
 Portal Projectile        Hex/Tloc       #.....       99%         3
 Spider Form              Tmut/Pois      #.........   99%         3
 Cause Fear               Hex            #.........   100%        4
 Ice Form                 Ice/Tmut       #.......     100%        4
 Leda's Liquefaction      Hex/Erth       #.........   100%        4
 Passage of Golubria      Tloc           N/A          100%        4
 Sticky Flame             Conj/Fire      #.......     100%        4
 Blade Hands              Tmut           #.........   100%        5
 Bolt of Magma            Conj/Fire/Erth #.........   100%        5
 Fireball                 Conj/Fire      #.........   100%        5
 Iskenderun's Battlesphe  Conj           #.......     100%        5
 Lee's Rapid Deconstruct  Erth           #.........   100%        5
 Summon Demon             Summ           #.........   100%        5
 Summon Forest            Summ/Tloc      #.........   100%        5
 Summon Mana Viper        Hex/Summ       #.......     100%        5
 Invisibility             Hex            #.......     100%        6
 Iron Shot                Conj/Erth      #.........   100%        6
 Shadow Creatures         Summ           N/A          100%        6
 Orb of Destruction       Conj           #.........   100%        7
 Spellforged Servitor     Conj/Summ      #.........   100%        7
 Summon Hydra             Summ           #.........   100%        7


Dungeon Overview and Level Annotations

Branches:
Dungeon (15/15)            Temple (0/1) D:5            Lair (6/6) D:11
 Shoals (1/4) Lair:4       Spider (3/4) Lair:4        Slime (0/5) Lair:6
    Orc (2/2) D:9             Elf (0/3) Orc:2        Vaults (0/5) D:14
 Depths (0/5) D:15

Altars:
Hepliaklqana
Nemelex Xobeh
Okawaru
Ru
Trog
Uskayaw
Vehumet

Shops:
D:5 =(   D:7 }   D:15 *   Orc:1 [(*   Orc:2 ((((}

Annotations:
D:5 anello
Lair:3 2 transporters, Ofeaj's ghost, journeyman GnNe
Shoals:1 Roxanne


Innate Abilities, Weirdness & Mutations

You reflexively headbutt those who attack you in melee.
You have a pair of horns on your head.


Message History

The bolt of magma hits you! You partially resist.
You slice Roxanne!! You headbutt Roxanne, but do no damage.
Roxanne is severely damaged.
The wind drake flaps its wings at you. The air twists around and strikes you!
The snapping turtle closely misses you.
Unknown command.
You slice Roxanne!! You headbutt Roxanne, but do no damage.
Roxanne is almost destroyed.
Roxanne casts a spell.
You block the iron shot.
The wind drake is engulfed in a cloud of scalding steam.
The wind drake flaps its wings at you. The air twists around and strikes you!
You block the snapping turtle's attack.
You slash Roxanne!
Roxanne is almost destroyed.
You block the wind drake's attack.
Roxanne casts a spell.
The crystal spear hits you!!!!
Ouch! That really hurt!
You die...

≈≈≈≈...≈.≈≈..##.$.###..≈≈≈≈≈≈≈
.........≈≈........##...≈≈≈≈≈≈
...≈...................
...≈......≈............
...≈≈≈≈...≈............
....≈≈................
≈..............≈≈≈≈≈.
...........≈..≈≈≈≈≈≈≈
.......)..≈@8.≈≈≈≈≈≈≈
..........≈k≈≈≈≈≈≈≈≈.
.≈..≈....t≈≈≈≈≈≈≈≈≈..
≈≈≈≈≈≈..≈≈≈≈≈≈≈≈≈≈≈≈.
≈≈≈.≈≈≈≈≈≈≈≈≈≈≈≈≈≈≈≈≈
≈≈.≈≈≈≈≈≈≈≈≈≈≈≈≈≈≈≈≈≈
≈≈≈≈≈≈≈≈≈≈≈≈≈≈≈≈≈≈≈≈≈
≈≈≈≈≈...≈≈≈≈≈≈≈≈≈≈≈
≈≈≈≈≈.#.≈≈≈≈≈≈≈≈≈≈


You could see Roxanne, a snapping turtle and a wind drake (repels missiles).

Vanquished Creatures
  Jorgrun (D:13)
  Asterion (Spider:1)
  Gastronok (Lair:1)
  Agnes (Spider:3)
  4 ghost moths
  An emperor scorpion (Spider:3)
  An ironheart preserver (D:14)
  Nessos (Orc:2)
  3 stone giants
  4 dire elephants (Lair:6)
  3 merfolk impalers (Shoals:1)
  Josephine (Orc:1)
  3 ogre magi
  6 hydras
  Harold (D:6)
  An anaconda (Lair:6)
  3 boulder beetles
  2 catoblepae (Lair:6)
  16 two-headed ogres
  4 centaur warriors
  6 death yaks (Lair:4)
  3 tengu warriors (D:15)
  Urug (D:13)
  A skeletal warrior (D:12)
  Pikel (D:6)
  A deep troll (D:15)
  A sea snake (Shoals:1)
  5 harpies
  2 orc knights
  12 orb spiders
  14 wolf spiders
  2 stone giant zombies (Orc:1)
  3 deep elf magi
  17 cyclopes
  3 orc sorcerers (Orc:2)
  4 ugly things (D:14)
  3 manticores
  2 oklob plants (Lair:5)
  7 elephants
  3 fauns (Shoals:1)
  4 black mambas
  2 gargoyles
  17 cane toads
  A torpor snail (Lair:3)
  A centaur skeleton (D:14)
  10 komodo dragons
  4 kobold demonologists (D:15)
  5 rime drakes
  2 tengu conjurers (D:15)
  3 demonic crawlers
  2 freezing wraiths
  A jumping spider (shapeshifter) (D:15)
  6 meliai (Spider:2)
  A queen bee (Lair:2)
  16 jumping spiders
  3 trolls
  2 hornets
  A polar bear (Lair:6)
  Prince Ribbit (D:6)
  4 merfolk (Shoals:1)
  6 slime creatures
  12 dream sheep
  19 blink frogs
  A snapping turtle (Shoals:1)
  39 redbacks
  19 tarantellas
  4 wyverns
  2 vampires
  3 wraiths (Orc:1)
  A shadow (D:13)
  56 yaks
  5 basilisks
  Menkaure (D:7)
  A steam dragon (D:9)
  3 wargs
  2 soldier ants
  9 water moccasins
  3 ice beasts
  A black bear (D:8)
  A sky beast (D:7)
  34 orc warriors
  An eye of draining (shapeshifter) (D:15)
  An eye of draining (D:11)
  A necrophage (D:14)
  22 ogres
  6 centaurs
  7 wolves
  3 big kobolds
  A gnoll sergeant (D:7)
  16 bullfrogs
  2 cyclops zombies (Orc:1)
  A wyvern skeleton (D:7)
  A scorpion (D:9)
  32 killer bees
  26 wights
  3 electric eels
  6 howler monkeys
  A bullfrog zombie (D:7)
  9 jellies
  2 quasits
  6 hounds
  18 orc priests
  Crazy Yiuf (D:4)
  10 orc wizards
  3 iguanas
  2 bullfrog skeletons
  19 hell rats
  13 worker ants
  A hound skeleton (D:5)
  A hound zombie (D:5)
  2 worker ant zombies
  24 gnolls
  8 adders
  2 howler monkey skeletons (D:8)
  4 shadow imps
  4 white imps
  An ufetubus (D:8)
  A worm (D:4)
  2 dart slugs
  4 leopard geckos
  56 orcs
  4 giant cockroaches
  6 goblins
  5 hobgoblins
  A jackal (D:5)
  5 quokkas
  A ball python (D:6)
  A ball python zombie (D:5)
  4 bats
  2 frilled lizards
  A jackal skeleton (D:4)
  6 kobolds
  A leopard gecko zombie (D:5)
  A quokka skeleton (D:8)
  9 rats
  A plant (Lair:6)
828 creatures vanquished.

Vanquished Creatures (others)
  A jumping spider (Spider:1)
  33 fungi
  69 plants
103 creatures vanquished.

Grand Total: 931 creatures vanquished

Notes
Turn   | Place    | Note
-------+----------+-------------------------------------------
     0 | D:1      | Peloso the Minotaur Fighter began the quest for the Orb.
     0 | D:1      | Reached XP level 1. HP: 19/19 MP: 0/0
   458 | D:1      | Reached XP level 2. HP: 27/27 MP: 1/1
  1112 | D:2      | Reached XP level 3. HP: 19/33 MP: 2/2
  1351 | D:2      | Found a hide-covered altar of Uskayaw.
  1362 | D:2      | Found a bloodstained altar of Trog.
  1365 | D:2      | Found an iron altar of Okawaru.
  1373 | D:2      | Became a worshipper of Warmaster Okawaru
  2560 | D:3      | Reached XP level 4. HP: 41/41 MP: 3/3
  3535 | D:4      | Reached XP level 5. HP: 38/47 MP: 4/4
  3683 | D:4      | Reached skill level 5 in Armour
  3694 | D:4      | Reached skill level 5 in Fighting
  3879 | D:4      | Reached skill level 1 in Dodging
  3885 | D:4      | Reached XP level 6. HP: 53/56 MP: 5/5
  4271 | D:4      | Found a runed translucent door.
  4272 | D:4      | Noticed Crazy Yiuf
  4277 | D:4      | Killed Crazy Yiuf
  4277 | D:4      | Reached skill level 5 in Long Blades
  4348 | D:4      | Reached skill level 5 in Shields
  4560 | D:5      | Entered Level 5 of the Dungeon
  4565 | D:5      | Found Rumot's Jewellery Shoppe.
  4685 | D:5      | Found a staircase to the Ecumenical Temple.
  4688 | D:5      | Reached * piety under Okawaru
  4688 | D:5      | Reached XP level 7. HP: 48/61 MP: 6/6
  4977 | D:5      | Found Ipehuid's Antique Weapon Shop.
  5022 | D:5      | You fall into a shaft and drop 2 floors!
  5026 | D:7      | Found Gadghacuc's Gadget Boutique.
  5096 | D:7      | Noticed Menkaure
  5107 | D:7      | Killed Menkaure
  5652 | D:7      | Reached XP level 8. HP: 61/70 MP: 4/7
  5844 | D:7      | Noticed Harold
  5848 | D:7      | Noticed Pikel
  5861 | D:7      | Noticed Prince Ribbit
  5868 | D:7      | Reached ** piety under Okawaru
  6174 | D:6      | Killed Harold
  6180 | D:6      | Killed Pikel
  6180 | D:6      | Reached *** piety under Okawaru
  6180 | D:6      | Reached XP level 9. HP: 50/79 MP: 6/8
  6183 | D:6      | Reached skill level 1 in Invocations
  6892 | D:7      | Reached **** piety under Okawaru
  7270 | D:6      | Killed Prince Ribbit
  7798 | D:6      | Got a glimmering hand axe
  7799 | D:6      | Identified the +8 hand axe of the Twisting Blowfly {speed,
                  | rF- rN+ SInv} (You found it on level 6 of the Dungeon)
  9035 | D:8      | Reached skill level 10 in Long Blades
  9389 | D:9      | Reached XP level 10. HP: 86/86 MP: 9/9
  9424 | D:9      | Noticed a two-headed ogre
  9433 | D:9      | Killed a two-headed ogre
  9778 | D:9      | Found a staircase to the Orcish Mines.
  9894 | D:9      | Reached ***** piety under Okawaru
 10191 | D:9      | Reached skill level 1 in Stealth
 10441 | D:9      | Found a radiant altar of Vehumet.
 10450 | D:9      | Found a hazy altar of Hepliaklqana.
 10592 | D:10     | Entered Level 10 of the Dungeon
 10731 | D:10     | Noticed a gargoyle
 10746 | D:10     | Killed a gargoyle
 10748 | D:10     | Reached skill level 10 in Shields
 10941 | D:10     | Noticed a two-headed ogre
 10945 | D:10     | Killed a two-headed ogre
 10945 | D:10     | Reached XP level 11. HP: 97/97 MP: 7/10
 12005 | D:11     | Found a staircase to the Lair.
 12066 | D:11     | Found a sparkling altar of Nemelex Xobeh.
 12649 | D:11     | Received a gift from Okawaru
 13147 | D:11     | Reached skill level 10 in Armour
 13396 | D:12     | Noticed a skeletal warrior
 13684 | D:12     | Noticed a deep elf mage
 13697 | D:12     | Killed a deep elf mage
 13873 | D:11     | Reached skill level 10 in Fighting
 14512 | D:12     | Killed a skeletal warrior
 14512 | D:12     | Received a gift from Okawaru
 14842 | Lair:1   | Entered Level 1 of the Lair of Beasts
 14930 | Lair:1   | Noticed a five-headed hydra
 14938 | Lair:1   | Killed a two-headed hydra
 15267 | Lair:1   | Noticed Gastronok
 15283 | Lair:1   | Killed Gastronok
 15283 | Lair:1   | Reached ****** piety under Okawaru
 15283 | Lair:1   | Received a gift from Okawaru
 15283 | Lair:1   | Reached XP level 12. HP: 107/107 MP: 9/12
 16395 | Lair:2   | Noticed a six-headed hydra
 16411 | Lair:2   | Killed a two-headed hydra
 16411 | Lair:2   | Reached skill level 1 in Axes
 16422 | Lair:2   | Received a gift from Okawaru
 16441 | Lair:2   | Got an ancient long sword {god gift}
 16442 | Lair:2   | Identified the +8 long sword of Defence by Offence {vorpal,
                  | Str+3 Int+3} (Okawaru gifted it to you on level 2 of the
                  | Lair of Beasts)
 17585 | Lair:3   | Noticed a boulder beetle
 17601 | Lair:3   | Killed a boulder beetle
 17636 | Lair:3   | HP: 4/110 [komodo dragon (13)]
 17952 | Lair:2   | Received a gift from Okawaru
 18281 | Lair:3   | Noticed Ofeaj's ghost (journeyman GnNe)
 18282 | Lair:3   | Identified the +0 demon trident of the Head {antimagic,
                  | Int+5 Dex+3}
 18286 | Lair:3   | Found a bloodstained altar of Trog.
 18293 | Lair:3   | Found a transporter.
 18305 | Lair:3   | Identified the cursed +3 trident of Wyrd {venom, Str+4}
 18314 | Lair:3   | Found a transporter.
 19035 | D:5      | Bought the ring of Sloth {rPois rN+ MR+ AC+4 Dex+4} for 850
                  | gold pieces
 19218 | D:13     | Noticed Jorgrun
 19228 | D:13     | Killed Jorgrun
 19228 | D:13     | Reached XP level 13. HP: 64/117 MP: 13/13
 19637 | D:13     | Noticed Urug
 19647 | D:13     | Killed Urug
 20569 | Orc:1    | Entered Level 1 of the Orcish Mines
 20708 | Orc:1    | Noticed Josephine
 20720 | Orc:1    | Killed Josephine
 20720 | Orc:1    | Received a gift from Okawaru
 20845 | Orc:1    | Reached skill level 15 in Long Blades
 21382 | Orc:1    | Found Roatt's General Store.
 21424 | Orc:1    | Found Ogek's Antique Armour Emporium.
 21626 | Orc:1    | Reached skill level 5 in Dodging
 21797 | Orc:1    | Noticed a stone giant
 21819 | Orc:1    | Killed a stone giant
 21860 | Orc:1    | Got a heavily runed golden ring
 21862 | Orc:1    | Identified the ring "Urumucy" {*Tele +Fly} (You found it on
                  | level 1 of the Orcish Mines)
 22121 | Orc:1    | Got an iridescent dagger
 22122 | Orc:1    | Identified the cursed +2 dagger of Bodily Humours {vorpal,
                  | MR+} (You found it on level 1 of the Orcish Mines)
 22126 | Orc:1    | Got a translucent rapier
 22127 | Orc:1    | Identified the +8 rapier "Muenn" {elec, rC+ Int+4} (You
                  | found it on level 1 of the Orcish Mines)
 22131 | Orc:1    | Identified the +6 morningstar of Blood {venom, rF+} (You
                  | found it on level 1 of the Orcish Mines)
 22134 | Orc:1    | Identified the cursed +1 quarterstaff "Mud Pie of Death"
                  | {vorpal, MP+9 Str-3 Int+3} (You found it on level 1 of the
                  | Orcish Mines)
 22224 | Orc:1    | Found Zutaxt's Antique Weapon Shoppe.
 22300 | Orc:2    | Entered Level 2 of the Orcish Mines
 22300 | Orc:2    | Found a staircase to the Elven Halls.
 22300 | Orc:2    | Found Doaw Jiw's Gadget Emporium.
 22301 | Orc:2    | Noticed a stone giant
 22317 | Orc:2    | Killed a stone giant
 22317 | Orc:2    | Received a gift from Okawaru
 22664 | Orc:2    | Bought a wand of digging (7) for 220 gold pieces
 22690 | Orc:2    | Noticed Nessos
 22699 | Orc:2    | Killed Nessos
 22705 | Orc:2    | Reached XP level 14. HP: 113/129 MP: 14/14
 22829 | Orc:2    | Received a gift from Okawaru
 22974 | Orc:2    | Found Xeckicwi's Antique Weapon Emporium.
 22974 | Orc:2    | Found Wenun's Antique Weapon Boutique.
 22976 | Orc:2    | Found Gyuf's Weapon Shop.
 22978 | Orc:2    | Found Xaisseoh's Antique Weapon Shoppe.
 22993 | Orc:2    | Bought a glowing demon blade for 576 gold pieces
 23273 | Orc:2    | Noticed a stone giant
 23281 | Orc:2    | Killed a stone giant
 24016 | D:14     | Found a sacrificial altar of Ru.
 24410 | D:14     | You fall into a shaft and drop 1 floor!
 24410 | D:15     | Entered Level 15 of the Dungeon
 24429 | D:15     | Received a gift from Okawaru
 24452 | D:15     | Got a scorched bardiche {god gift}
 24763 | D:14     | Reached skill level 15 in Shields
 24845 | D:14     | Received a gift from Okawaru
 25095 | D:14     | Found a gate to the Vaults.
 25095 | D:14     | Noticed an ironheart preserver
 25108 | D:14     | Killed an ironheart preserver
 25959 | D:15     | Received a gift from Okawaru
 25959 | D:15     | Reached XP level 15. HP: 132/137 MP: 15/15
 25965 | D:15     | Got an encrusted plate armour {god gift}
 25976 | D:15     | Identified the +2 plate armour "Cuaneqay" {Int+3 Dex+4}
                  | (Okawaru gifted it to you on level 15 of the Dungeon)
 26042 | D:15     | Found Amadouf's General Store.
 26045 | D:15     | Bought a scroll of identify for 26 gold pieces
 26170 | D:15     | Found a staircase to the Depths.
 27030 | Lair:4   | Found a staircase to the Shoals.
 27065 | Lair:4   | Reached skill level 15 in Fighting
 27614 | Lair:4   | Found a hole to the Spider Nest.
 27902 | Lair:5   | Received a gift from Okawaru
 29034 | Lair:1   | Identified the +4 bardiche "Beast's Peril" {flame, Dex+2}
                  | (Okawaru gifted it to you on level 15 of the Dungeon)
 29235 | Lair:6   | Entered Level 6 of the Lair of Beasts
 29396 | Lair:6   | Found a staircase to the Slime Pits.
 29524 | Lair:6   | Received a gift from Okawaru
 29660 | Lair:6   | Reached skill level 15 in Armour
 30724 | Spider:1 | Entered Level 1 of the Spider Nest
 30732 | Spider:1 | Killed a ghost moth
 30732 | Spider:1 | Reached XP level 16. HP: 136/148 MP: 0/16
 30769 | Lair:4   | Received a gift from Okawaru
 31374 | Spider:1 | Noticed Asterion
 31463 | Spider:1 | Killed Asterion
 34135 | Spider:3 | Received a gift from Okawaru
 34992 | Spider:3 | Noticed Agnes
 35002 | Spider:3 | Killed Agnes
 35926 | Spider:3 | Got a polished plate armour
 35937 | Spider:3 | Identified the +9 plate armour of the Apprentice {Str+2
                  | Int+3 Stlth+} (You found it on level 3 of the Spider Nest)
 36087 | Shoals:1 | Entered Level 1 of the Shoals
 36103 | Shoals:1 | Received a gift from Okawaru
 36820 | Shoals:1 | Noticed Roxanne
 36842 | Shoals:1 | Killed from afar by Roxanne

Illustrated notes

Levels and vault maps discovered:
D:1:      ncdulo_watergridlock, layout_loops_ring
D:2:      layout_basic, chequers_temple_overflow_statue_of_worship,
          chequers_jeans, lemuel_altar_in_water
D:3:      layout_basic
D:4:      layout_basic, uniq_crazy_yiuf_cottage
D:5:      minmay_razor_zed, layout_loops_ring, minmay_temple_entry_proselytizer,
          serial_shops, nicolae_shop_window_shopping, kennysheep_windowed_goal
D:6:      layout_loops_ring, chequers_serial_rivers_room_b, eino_tiny_chamber,
          nrook_pool_corridor
D:7:      layout_cave_pods, serial_shops, nicolae_shop_trees, uniq_harold,
          uniq_pikel, uniq_menkaure, uniq_prince_ribbit1
D:8:      layout_loops_ring
D:9:      layout_basic, amethyst_overflow_temple_binary, orc_0_dummy
D:10:     layout_gridville
D:11:     layout_long_grid, lair_entry_dummy, basic_altar
D:12:     minmay_evil_eye, layout_irregular_city
D:13:     layout_loops_ring, serial_rivers, chequers_serial_rivers_marsh,
          chequers_serial_rivers_large_a, chequers_serial_rivers_small_3,
          chequers_serial_rivers_micro_a, chequers_serial_rivers_micro_b,
          chequers_arboretum, uniq_jorgrun, uniq_urug
D:14:     layout_basic, skrybe_vaults_entry_preservation,
          nicolae_ru_awakened_eye, minmay_parallelograms
D:15:     hangedman_depths_entry_civil_slaughter, layout_basic, serial_shops,
          nicolae_shop_behind_doors, hangedman_decor_push
Lair:1:   layout_cave_pods, small_statue_intersection, uniq_gastronok
Lair:2:   layout_roguey [special_room_bee], grunt_megastairs_4
Lair:3:   layout_chaotic_city, gammafunk_ghost_wrathful_warriors,
          infiniplex_staircase_pool
Lair:4:   layout_regular_city, elwin_shoals_entry_rocks, dummy_spider_entry,
          lemuel_fruit_tree, lemuel_fruit_fields
Lair:5:   dpeg_oklob_shooting_range, layout_concentric_octagons
Lair:6:   due_jungle_book, layout_loops_ring, nicolae_slime_entry_slimehenge
Shoals:1: layout_shoals, uniq_roxanne
Spider:1: layout_spider_delve, uniq_asterion
Spider:2: layout_spider_delve, nicolae_spider_cling_ruins
Spider:3: layout_spider_delve, uniq_agnes
Orc:1:    giant_chief_lemuel, layout_diamond_mine, serial_shops, shop,
          shop_statue, shop, uniq_josephine
Orc:2:    st_orc_rangers, layout_diamond_mine, serial_shops,
          nicolae_shop_waterfront, nicolae_orc_pool_cavern, uniq_nessos

Skill      XL: |  1  2  3  4  5  6  7  8  9 10 11 12 13 14 15 16 |
---------------+-------------------------------------------------+-----
Fighting       | 4 5 6 7 9 10 11 13 14 15 16 | 16.6
Armour         | 4 5 6 7 8 9 11 12 13 14 15 16 | 16.2
Long Blades    | 3 4 5 6 8 10 12 13 14 15 16 17 18 | 18.3
Shields        | 4 5 6 7 9 10 11 12 14 15 16 18 | 18.2
Dodging        | 1 2 3 4 5 |  5.9
Invocations    | 1 2 |  2.3
Stealth        | 1 2 |  2.8
Axes           | 3 4 |  4.1
Evocations     | |  0.4

Action                   |  1- 3 |  4- 6 |  7- 9 | 10-12 | 13-15 | 16-18 || total
-------------------------+-------+-------+-------+-------+-------+-------++-------
Melee: Long sword        |    88 |   101 |   107 |   135 |   209 |       ||   640
       Headbutt          |    11 |    16 |    71 |   219 |   347 |   149 ||   813
       Falchion          |       |       |   183 |   461 |       |       ||   644
       War axe           |       |       |       |    11 |    19 |       ||    30
       Demon blade       |       |       |       |    99 |       |       ||    99
       Double sword      |       |       |       |       |   700 |   410 ||  1110
Invok: Heroism           |       |       |     4 |     9 |     1 |     1 ||    15
Evoke: Wand              |       |       |       |     2 |     4 |       ||     6
  Use: Potion            |     5 |     1 |       |     2 |       |     1 ||     9
       Scroll            |       |     2 |     2 |    15 |     9 |     2 ||    30
 Stab: Paralysed         |       |       |       |       |     2 |       ||     2
Armor: Scale mail        |    37 |    30 |    82 |       |       |       ||   149
       Plate armour      |       |       |    12 |   232 |   364 |   367 ||   975
Dodge: Dodged            |    32 |    32 |    96 |   181 |   296 |   273 ||   910
Block: Kite shield       |    34 |    58 |   183 |   388 |   660 |   523 ||  1846
       Rpst.: Long sword |    12 |     7 |     9 |    17 |    15 |       ||    60
       Falchion          |       |       |    18 |    34 |       |       ||    52
       Demon blade       |       |       |       |     8 |       |       ||     8
       Double sword      |       |       |       |       |    39 |    41 ||    80

Table legend: (Time is in decaauts)
 A = Elapsed time spent in this place.
 B = Non-inter-level travel time spent in this place.
 C = Inter-level travel time spent in this place.
 D = Time resting spent in this place.
 E = Time spent auto-exploring this place.
 F = Levels seen in this place.
 G = Mean time per level.
                   A        B        C        D        E       F      G
               +--------+--------+--------+--------+--------+-----+--------+
         Total |  36442 |  34295 |   2147 |   4789 |  22670 |  27 | 1349.7 |
       Dungeon |  19048 |  17775 |   1273 |   2439 |  12295 |  15 | 1269.9 |
          Lair |   8604 |   8032 |    572 |    979 |   5160 |   6 | 1434.0 |
        Shoals |    774 |    774 |      0 |    325 |     96 |   1 |  774.0 |
   Spider Nest |   4768 |   4541 |    227 |    484 |   3310 |   3 | 1589.3 |
  Orcish Mines |   3246 |   3172 |     74 |    562 |   1807 |   2 | 1623.0 |
               +--------+--------+--------+--------+--------+-----+--------+

Top non-repeatable levels by time:
Spider:3: 2209 daAuts
   Orc:1: 2003 daAuts
  Lair:2: 1947 daAuts
    D:11: 1863 daAuts
  Lair:4: 1808 daAuts
Spider:2: 1682 daAuts
     D:6: 1626 daAuts
  Lair:1: 1623 daAuts
    D:13: 1566 daAuts
  Lair:6: 1406 daAuts
     D:7: 1387 daAuts
     D:9: 1302 daAuts
    D:10: 1277 daAuts
     D:2: 1265 daAuts
     D:3: 1249 daAuts
